[Event "FICS Team League T30"]
[Site "FICS, San Jose, California USA"]
[Date "2006.04.23"]
[Time "03:19:36"]
[Round "2"]
[White "dzonson"]
[Black "javamanissa"]
[WhiteElo "1860"]
[BlackElo "1836"]
[TimeControl "2700+45"]
[Mode "ICS"]
[Result "1-0"]

1. d4 d5 2. c4 c6 3. Nf3 Nf6 4. g3 e6 5. Bg2 dxc4 6. O-O Bd6 7. a4 O-O 8. Nbd2
a5 9. Nxc4 Bb4 10. Bf4 Nd5 11. Bg5 f6 12. Bc1 b5 13. Na3 Ba6 14. Nc2 Bd6
15. axb5 Bxb5 16. Re1 Na6 17. Bd2 Nab4 18. Bxb4 axb4 19. e4 Nb6 20. Nd2
Na4 21. Qc1 Qb6 22. Bf1 Bxf1 23. Rxf1 Qb5 24. Ne3 Nc3 25. bxc3 Rxa1 26. Qxa1
bxc3 27. Qxc3 Bb4 28. Qc2 Qe2 29. Ndc4 Qf3 30. Qa4 c5 31. dxc5 Bxc5 32. Qc6
{Black resigns} 1-0

[Event "FICS Team League T30"]
[Site "FICS, San Jose, California USA"]
[Date "2006.04.23"]
[Time "06:07:11"]
[Round "2"]
[White "maeck"]
[Black "lodda"]
[WhiteElo "1977"]
[BlackElo "1877"]
[TimeControl "2700+45"]
[Mode "ICS"]
[Result "1/2-1/2"]

1. Nf3 d5 2. g3 Nf6 3. Bg2 Bf5 4. c4 c6 5. b3 e6 6. O-O Nbd7 7. Bb2 Be7
8. d3 O-O 9. Nbd2 Qc7 10. Qc2 h6 11. Rac1 Rac8 12. Qb1 Qb8 13. Qa1 a6 14. a3
b5 15. cxb5 cxb5 16. b4 Rxc1 17. Rxc1 Rc8 18. Nd4 Nb6 19. Nc6 Qb7 20. Nxe7+
Qxe7 21. Bd4 Rxc1+ 22. Qxc1 Nfd7 23. Qc7 Na4 24. Nb3 f6 25. Qc8+ Nf8 26. Qxa6
Qe8 27. Nc5 Kh7 28. Nxa4 bxa4 29. Bc5 Ng6 30. b5 Ne5 31. Bd6 Qh5 32. f3
Bxd3 33. exd3 Nxf3+ 34. Kf2 Nd4 35. Qxa4 Qe2+ 36. Kg1 Qe3+ 37. Kf1 Qe2+
38. Kg1 Qe3+ 39. Kf1 Qe2+ 40. Kg1
{Game drawn by repetition} 1/2-1/2

[Event "FICS Team League T30"]
[Site "FICS, San Jose, California USA"]
[Date "2006.04.23"]
[Time "06:02:15"]
[Round "2"]
[White "scrow"]
[Black "GadsHill"]
[WhiteElo "1560"]
[BlackElo "1677"]
[TimeControl "2700+45"]
[Mode "ICS"]
[Result "0-1"]

1. d4 d6 2. e3 Nf6 3. Nd2 Nbd7 4. f4 c5 5. dxc5 dxc5 6. Ngf3 e6 7. Bb5 Be7
8. O-O O-O 9. b3 a6 10. Bd3 b5 11. c4 Bb7 12. cxb5 Nd5 13. Qe1 Bf6 14. Rb1
Nc3 15. Rb2 Nxb5 16. Rc2 Nc3 17. Ba3 Qa5 18. Nc4 Qc7 19. Rxc3 Bxc3 20. Qxc3
Rfd8 21. Bb2 Nf6 22. Qc2 Ng4 23. Bxh7+ Kh8 24. Ng5 Bd5 25. f5 Bxc4 26. Rf4
Nxe3 27. Bxg7+ Kxg7 28. Qc3+ Rd4 29. fxe6 Qxf4 30. Nf3 Bxe6 31. Bc2 Nxc2
32. Qxc2 Rd5 33. Qc3+ Qf6 34. Qe3 Rd1+ 35. Ne1 Qd4 36. Qxd4+ cxd4
{White resigns} 0-1

[Event "FICS Team League T30"] 
[Site "FICS, San Jose, California USA"] 
[Date "2006.04.23"] 
[Time "07:03:11"] 
[Round "2"] 
[White "Cantopani"] 
[Black "Litovec"] 
[WhiteElo "1800"] 
[BlackElo "1758"] 
[TimeControl "2700+45"] 
[Mode "ICS"] 
[Result "1-0"] 

1. c4 e5 2. g3 Nf6 3. Bg2 Nc6 4. Nc3 d6 5. Nf3 Bf5 6. O-O Qd7 7. d4 exd4 
8. Nxd4 Bh3 9. e4 Ne5 10. f4 Bxg2 11. Kxg2 Nxc4 12. Qe2 Nb6 13. e5 dxe5 
14. fxe5 Nfd5 15. e6 fxe6 16. Nxe6 Nxc3 17. bxc3 Qc6+ 18. Kg1 Kd7 19. Rf7+ 
Be7 20. Nf8+ Raxf8 21. Qxe7+ Kc8 22. Rxf8+ Rxf8 23. Qxf8+ Kd7 24. Qxg7+ 
Kc8 25. Qg4+ Kb8 26. Qd4 Qe6 27. Bf4 a6 28. Kf2 h5 29. h4 Qf5 30. Re1 Qh3 
31. Re8+ Nc8 32. Qe5 Qh2+ 33. Ke3 Qg1+ 34. Kd3 Qd1+ 35. Kc4 Qa4+ 36. Kd3 
Qd1+ 37. Ke4 Qb1+ 38. Kf3 Qh1+ 39. Ke2 Qg2+ 40. Kd1 Qf1+ 41. Qe1 Qd3+ 42. Kc1 
Qd7 43. Qe5 b6 44. Rh8 Kb7 45. c4 Nd6 46. Qd5+ Qc6 47. Qxc6+ Kxc6 48. Bxd6 
Kxd6 49. Kc2 Kc5 50. Kc3 
{Black resigns} 1-0

[Event "FICS Team League T30"] 
[Site "FICS, San Jose, California USA"] 
[Date "2006.04.23"] 
[Time "09:00:42"] 
[Round "2"] 
[White "sirpicha"] 
[Black "Darmik"] 
[WhiteElo "1881"] 
[BlackElo "2144"] 
[TimeControl "2700+45"] 
[Mode "ICS"] 
[Result "0-1"] 

1. e4 c5 2. Nf3 d6 3. d4 cxd4 4. Nxd4 Nf6 5. Nc3 g6 6. Bc4 Bg7 7. f3 O-O 
8. Be3 a6 9. Qd2 b5 10. Bb3 Bb7 11. h4 Nbd7 12. g4 Nc5 13. h5 Nxb3 14. axb3 
e5 15. Nde2 d5 16. hxg6 fxg6 17. Bh6 dxe4 18. Qxd8 Raxd8 19. fxe4 Nxe4 20. Nxe4 
Bxe4 21. Bxg7 Kxg7 22. Rh2 Bxc2 23. Rc1 Bxb3 24. Rc7+ Rf7 25. Rxf7+ Bxf7 
26. Nc3 Rd4 27. Re2 b4 28. Ne4 Bd5 29. Ng5 h6 30. Nh3 Rxg4 31. Rxe5 Re4+ 
32. Rxe4 Bxe4 33. Ke2 Kf6 34. Ke3 Ke5 35. Nf2 Bf5 36. Nh1 h5 37. Ng3 h4 
38. Nf1 h3 39. Ng3 a5 40. Nh1 a4 41. Kd2 Be4 
{White resigns} 0-1

[Event "FICS Team League T30"]
[Site "FICS, San Jose, California USA"]
[Date "2006.04.23"]
[Time "08:03:41"]
[Round "2"]
[White "Thalagor"]
[Black "RussoTuristo"]
[WhiteElo "1922"]
[BlackElo "2051"]
[TimeControl "2700+45"]
[Mode "ICS"]
[Result "0-1"]

1. Nf3 d5 2. g3 Bg4 3. Bg2 Nd7 4. d4 c6 5. O-O Ngf6 6. c4 e6 7. Qc2 Bf5
8. Qb3 Qb6 9. Nc3 Be7 10. Nh4 Qxb3 11. axb3 Bc2 12. c5 Bxb3 13. Bd2 O-O
14. Ra3 Bc4 15. Rfa1 Ba6 16. e3 Rfe8 17. Na2 g5 18. Nf3 g4 19. Ne1 Ne4 20. Bxe4
dxe4 21. Nb4 Nb8 22. Ng2 Rd8 23. Bc3 h5 24. Nf4 h4 25. Ng2 h3 26. Ne1 f6
27. Nec2 Kf7 28. Nxa6 Nxa6 29. Rxa6 bxa6 30. Rxa6 Rac8 31. Rxa7 Ra8 32. Rc7
Rdc8 33. Rb7 Ke8 34. Kf1 Kd8 35. Nb4 f5 36. Rb6 Kd7 37. Nc2 Bd8 38. Rb7+
Bc7 39. Ke2 Rcb8 40. Rxb8 Rxb8 41. Kd2 Kc8 42. Kc1 Kb7 43. b4 Ra8 44. Kb2
Ka6 45. Na3 Rd8 46. Kc2 Kb7 47. Nc4 Ra8 48. Kb3 Kc8 49. Na3 Rb8 50. Nc4
Kd7 51. Ne5+ Bxe5 52. dxe5 Kc7 53. Bd4 Kb7 54. Bc3 Ka6 55. Kc4 Ra8 56. Bd4
Rd8 57. b5+ cxb5+ 58. Kb4 Rxd4+ 59. exd4 f4 60. d5 e3 61. fxe3 fxe3 62. Kc3
b4+ 63. Kd3 b3
{White resigns} 0-1

[Event "FICS Team League T30"] 
[Site "FICS, San Jose, California USA"] 
[Date "2006.04.23"] 
[Time "10:40:38"] 
[Round "2"] 
[White "fledermaus"] 
[Black "RomaLavrn"] 
[WhiteElo "1961"] 
[BlackElo "1887"] 
[TimeControl "2700+45"] 
[Mode "ICS"] 
[Result "1-0"] 

1. d4 Nf6 2. c4 e5 3. dxe5 Ng4 4. Bf4 Bb4+ 5. Nd2 Qe7 6. Nf3 Nc6 7. e3 O-O 
8. Be2 a5 9. O-O Ngxe5 10. Nxe5 Nxe5 11. Nb3 a4 12. a3 axb3 13. axb4 Rxa1 
14. Qxa1 d6 15. Qd1 Be6 16. Qxb3 b5 17. Bxe5 dxe5 18. Qc3 Bxc4 19. Bxc4 
bxc4 20. Qxc4 h6 21. Rc1 Ra8 22. g3 Ra4 23. Qxc7 Qxc7 24. Rxc7 Rxb4 25. Rc2 
f5 26. Kf1 Kf7 27. Ke2 h5 28. Kd3 Rb7 29. h4 Rb6 30. Kc4 Kf6 31. b4 g5 32. b5 
f4 33. Ra2 Rb8 34. Kc5 Rc8+ 35. Kd6 fxe3 36. fxe3 gxh4 37. gxh4 Rc3 38. Rf2+ 
Kg6 39. Rb2 Kf5 40. b6 Rd3+ 41. Kc7 Rc3+ 42. Kd7 Rd3+ 43. Ke8 Rxe3 44. b7 
Rg3 45. Rf2+ Kg4 46. b8=Q Kxh4 47. Qxe5 Rg8+ 48. Rf8 Rg5 49. Qh2+ Kg4 50. Rf4# 
{Black checkmated} 1-0

[Event "FICS Team League T30"]
[Site "FICS, San Jose, California USA"]
[Date "2006.04.23"]
[Time "11:54:04"]
[Round "2"]
[White "CelticDeath"]
[Black "Vzevolodovitch"]
[WhiteElo "1753"]
[BlackElo "1638"]
[TimeControl "2700+45"]
[Mode "ICS"]
[Result "1-0"]

1. e4 Nf6 2. e5 Nd5 3. c4 Nb6 4. d4 d6 5. exd6 exd6 6. Nf3 Bg4 7. Be3 Nc6
8. Nbd2 Be7 9. Be2 O-O 10. O-O Re8 11. a3 Bf6 12. Re1 Bh5 13. Qc2 Bg6 14. Bd3
Qd7 15. Bxg6 hxg6 16. b4 a6 17. Ne4 Re7 18. Nxf6+ gxf6 19. Rad1 Rae8 20. d5
Ne5 21. Nxe5 Rxe5 22. Kf1 Qa4 23. Qxa4 Nxa4 24. Bd4 Rxe1+ 25. Rxe1 Rxe1+
26. Kxe1 Nb6 27. Bxb6 cxb6 28. Kd2 Kf8 29. Kd3 Ke7 30. Kd4 f5 31. h4 f6
32. c5 bxc5+ 33. bxc5 dxc5+ 34. Kxc5 b5 35. Kc6 f4 36. Kc7 a5 37. d6+ Ke6
38. d7 b4 39. d8=Q
{Black resigns} 1-0

[Event "FICS Team League"]
[Site "FICS, San Jose, California USA"]
[Date "2006.04.23"]
[Time "12:12:53"]
[Round "2"]
[White "gracey"]
[Black "atilano"]
[WhiteElo "2082"]
[BlackElo "2036"]
[TimeControl "2700+45"]
[Mode "ICS"]
[Result "1/2-1/2"]

1. d4 f5 2. c4 Nf6 3. Nf3 e6 4. g3 Be7 5. Nc3 O-O 6. Bg2 d6 7. O-O Qe8 8. Qd3
Qg6 9. d5 e5 10. Nh4 Qh5 11. Bf3 e4 12. Bxh5 exd3 13. Bf3 dxe2 14. Re1 Ne4
15. Nxf5 Bxf5 16. Bxe4 Bg4 17. Nxe2 Nd7 18. h3 Bxe2 19. Rxe2 Bf6 20. Bf4
Ne5 21. Bxe5 Bxe5 22. Rae1 Rae8 23. f4 Bd4+ 24. Kg2 g6 25. Bc2 Kf7 26. Ba4
Rxe2+ 27. Rxe2 Rd8 28. Kf3 Bf6 29. g4 Rf8 30. f5 Be5 31. Ke4 gxf5+ 32. gxf5
Rg8
{Game drawn by mutual agreement} 1/2-1/2

[Event "FICS Team League T30"]
[Site "FICS, San Jose, California USA"]
[Date "2006.04.23"]
[Time "16:02:55"]
[Round "2"]
[White "DreadPirateJosh"]
[Black "phorku"]
[WhiteElo "1711"]
[BlackElo "1541"]
[TimeControl "2700+45"]
[Mode "ICS"]
[Result "0-1"]

1. d4 d5 2. c4 e6 3. g3 Nf6 4. Bg5 Be7 5. Bxf6 Bxf6 6. e3 O-O 7. Nc3 e5
8. dxe5 Bxe5 9. cxd5 Qd6 10. Rb1 a6 11. Bg2 Nd7 12. Nf3 Rd8 13. Nxe5 Qxe5
14. O-O Ra7 15. Qc2 b5 16. b4 Bb7 17. Rfd1 Nf6 18. e4 Qe7 19. h3 c6 20. e5
Nxd5 21. Nxd5 cxd5 22. f4 d4 23. Bxb7 Rxb7 24. a3 Rc7 25. Qe4 Rc3 26. Rd3
Qa7 27. Kf1 Qd7 28. g4 Rxd3 29. Qxd3 Qd5 30. Kg1 Qc4 31. Rd1 Kf8 32. Qxh7
d3 33. Qh8+ Ke7 34. Qh4+ Kd7 35. Qf6
{White resigns} 0-1

[Event "FICS Team League T30"]
[Site "FICS, San Jose, California USA"]
[Date "2006.04.23"]
[Time "18:05:45"]
[Round "2"]
[White "redback"]
[Black "rsanchez"]
[WhiteElo "1402"]
[BlackElo "1401"]
[TimeControl "2700+45"]
[Mode "ICS"]
[Result "0-1"]

1. Nf3 d5 2. g3 Nf6 3. Bg2 e6 4. d3 c5 5. Nbd2 Nc6 6. c3 Bd6 7. e4 c4 8. exd5
exd5 9. Qe2+ Be7 10. dxc4 O-O 11. O-O Bg4 12. h3 Be6 13. Ng5 Bf5 14. g4
h6 15. gxf5 hxg5 16. cxd5 Nxd5 17. Bxd5 Qxd5 18. Qg4 Ne5 19. Qg3 f6 20. Nb3
Kf7 21. Nd4 Rh8 22. f3 Rh4 23. Be3 Rah8 24. Kh2 Bd6 25. Kg2 Nd3 26. Qxh4
Rxh4 27. Ne2 Qe5 28. f4 Qxe3 29. Ng1 Nxf4+
{White resigns} 0-1

[Event "FICS Team League T30"] 
[Site "FICS, San Jose, California USA"] 
[Date "2006.04.23"] 
[Time "23:56:37"] 
[Round "2"] 
[White "danijelo"] 
[Black "scandium"] 
[WhiteElo "1832"] 
[BlackElo "1696"] 
[TimeControl "2700+45"] 
[Mode "ICS"] 
[Result "1-0"] 

1. d4 Nf6 2. c4 e5 3. dxe5 Ng4 4. Nf3 Nc6 5. Bf4 f6 6. exf6 Qxf6 7. Bc1 
Bc5 8. e3 Rf8 9. Be2 d6 10. O-O Be6 11. Nbd2 Qh6 12. a3 Rf5 13. h3 Nxe3 
14. fxe3 Bxe3+ 15. Kh1 Rh5 16. Nh2 Rxh3 17. gxh3 Qxh3 18. Bg4 Bxg4 19. Qxg4 
Qh6 20. Nf3 Bxc1 21. Raxc1 Kf7 22. Ng5+ Kg8 23. Qe6+ Qxe6 24. Nxe6 
{Black resigns} 1-0

[Event "FICS Team League T30"]
[Site "FICS, San Jose, California USA"]
[Date "2006.04.24"]
[Time "10:49:25"]
[Round "2"]
[White "noHz"]
[Black "bahus"]
[WhiteElo "1872"]
[BlackElo "1801"]
[TimeControl "2700+45"]
[Mode "ICS"]
[Result "1/2-1/2"]

1. e4 e5 2. Nf3 Nc6 3. Bb5 a6 4. Ba4 Nf6 5. O-O Be7 6. Re1 b5 7. Bb3 O-O
8. c3 d5 9. exd5 Nxd5 10. d4 exd4 11. Nxd4 Nxd4 12. cxd4 Bb7 13. Nc3 Nxc3
14. bxc3 c5 15. dxc5 Bxc5 16. Qh5 Qb6 17. Be3 Qc6 18. Bd5 Qxd5 19. Qxd5
Bxd5 20. Bxc5 Rfc8 21. Bd4 Be6 22. a4 bxa4
{Game drawn by mutual agreement} 1/2-1/2

[Event "FICS Team League T30"]
[Site "FICS, San Jose, California USA"]
[Date "2006.04.24"]
[Time "11:37:12"]
[Round "2"]
[White "OldFlyer"]
[Black "fidelian"]
[WhiteElo "1504"]
[BlackElo "1400"]
[TimeControl "2700+45"]
[Mode "ICS"]
[Result "1-0"]

1. c4 e6 2. Nc3 Nc6 3. g3 Nf6 4. Bg2 Ne5 5. b3 Bc5 6. d4 Bb4 7. Bb2 Nc6
8. a3 Be7 9. Nf3 d5 10. O-O O-O 11. Re1 Re8 12. c5 b6 13. b4 a6 14. Bc1
Ng4 15. h3 Nf6 16. Qc2 e5 17. dxe5 Nh5 18. cxb6 cxb6 19. Rd1 Be6 20. g4
h6 21. gxh5 Bg5 22. Nxg5 hxg5 23. Ne4 Nxe5 24. Nxg5 g6 25. Nxe6 Rxe6 26. Bxd5
Rd6
{Black resigns} 1-0

[Event "FICS Team League T30"]
[Site "FICS, San Jose, California USA"]
[Date "2006.04.24"]
[Time "12:01:26"]
[Round "2"]
[White "noordinaryrabbit"]
[Black "Aul"]
[WhiteElo "1709"]
[BlackElo "1608"]
[TimeControl "2700+45"]
[Mode "ICS"]
[Result "0-1"]

1. e4 g6 2. d4 a6 3. Nc3 Bg7 4. Nf3 d6 5. h3 Nf6 6. Be3 O-O 7. a4 b6 8. d5
Nbd7 9. Nd4 Ne5 10. f4 Ned7 11. Nc6 Qe8 12. b4 Bb7 13. b5 Nc5 14. Bxc5 bxc5
15. Ra3 e6 16. Be2 exd5 17. exd5 Qe3 18. Rf1 Ne4 19. Nb1 Bc3+ 20. Nxc3 Nxc3
21. Qd3 Qc1+ 22. Kf2 Qxa3 23. f5 Rae8 24. Bf3 axb5 25. f6 Bxc6 26. Qd2 Ne4+
27. Bxe4 Rxe4 28. Qh6 Qe3+ 29. Qxe3 Rxe3 30. Kxe3 Re8+
{White resigns} 0-1

[Event "FICS Team League T30"] 
[Site "FICS, San Jose, California USA"] 
[Date "2006.04.24"] 
[Time "13:00:58"] 
[Round "2"] 
[White "MattBinMi"] 
[Black "MStav"] 
[WhiteElo "1586"] 
[BlackElo "1741"] 
[TimeControl "2700+45"] 
[Mode "ICS"] 
[Result "0-1"] 

1. e4 c5 2. d4 cxd4 3. c3 d6 4. Nf3 Nf6 5. e5 dxe5 6. Nxe5 Nc6 7. Bb5 Bd7 
8. Nxd7 Qxd7 9. O-O a6 10. Ba4 b5 11. Bb3 e6 12. cxd4 Be7 13. Nc3 O-O 14. d5 
exd5 15. Nxd5 Nxd5 16. Bxd5 Rad8 17. Bf3 Qc7 18. Qc2 Rc8 19. Be3 Ne5 20. Qxc7 
Nxf3+ 21. gxf3 Rxc7 22. Kh1 Rfc8 23. Rg1 Bf6 24. Rab1 Rc2 25. h4 h5 26. f4 
g6 27. f5 Kh7 28. fxg6+ fxg6 29. b3 Bxh4 30. Rbd1 R2c7 31. f4 Re8 32. Bb6 
Rf7 33. Rgf1 Re6 34. Bc5 Ref6 35. Be3 Bg5 36. Rd4 Bh6 37. Kg2 g5 38. Kg3 
gxf4+ 39. Bxf4 Bxf4+ 40. Rfxf4 Rxf4 41. Rxf4 Rxf4 42. Kxf4 Kg6 43. Kg3 Kg5 
44. Kh3 b4 45. Kg3 h4+ 46. Kh3 a5 47. Kg2 Kg4 48. Kh2 h3 49. Kg1 Kg3 50. Kh1 
h2 
{White resigns} 0-1

[Event "FICS Team League T30"]
[Site "FICS, San Jose, California USA"]
[Date "2006.04.24"]
[Time "12:47:59"]
[Round "2"]
[White "crazyblue"]
[Black "zota"]
[WhiteElo "1963"]
[BlackElo "1920"]
[TimeControl "2700+45"]
[Mode "ICS"]
[Result "1-0"]

1. e4 c5 2. Nf3 d6 3. d4 cxd4 4. Nxd4 Nf6 5. Nc3 a6 6. Be3 e5 7. Nb3 Be6
8. Qd2 Nbd7 9. O-O-O Qc7 10. f3 Be7 11. Qf2 b5 12. Kb1 O-O 13. g4 b4 14. Na4
Rfb8 15. Nc1 d5 16. g5 d4 17. Bxd4 exd4 18. gxf6 Bxf6 19. f4 Qc6 20. b3
Nb6 21. Nxb6 Rxb6 22. Rg1 Rc8 23. Bd3 a5 24. e5
{Black resigns} 1-0

[Event "FICS Team League T30"]
[Site "FICS, San Jose, California USA"]
[Date "2006.04.25"]
[Time "08:13:18"]
[Round "2"]
[White "vibi"]
[Black "Gnam"]
[WhiteElo "1650"]
[BlackElo "1790"]
[TimeControl "2700+45"]
[Mode "ICS"]
[Result "1/2-1/2"]

1. e4 e5 2. Nf3 Nc6 3. Bb5 a6 4. Ba4 Nf6 5. O-O b5 6. Bb3 Be7 7. Re1 O-O
8. a4 b4 9. d4 exd4 10. Nxd4 Na5 11. Ba2 c5 12. Nf5 c4 13. Nd2 Bc5 14. Qf3
d5 15. e5 Ne8 16. g4 Nc7 17. Nf1 Ne6 18. N1e3 Bb7 19. Qg3 d4 20. Nxc4 Qd5
21. Kf1 Nxc4 22. Qg1 Rad8 23. a5 Bc6 24. Qg3 Bb5 25. Bxc4 Qxc4+ 26. Kg1
Qxc2 27. h4 b3 28. Bg5 Nxg5 29. Rac1 Qd3 30. Rxc5 Qxg3+ 31. fxg3 Nf3+ 32. Kf2
Nxe1 33. Kxe1 Rc8 34. Rxc8 Rxc8 35. Ne7+ Kf8 36. Nxc8 f6 37. Nd6 Bd7 38. exf6
gxf6 39. Nf5 Bxf5 40. gxf5 Ke7 41. Kd2 Kd6 42. Kd3 Ke5 43. g4 Kf4 44. Kxd4
Kxg4 45. Kc5 Kxf5 46. Kb6 Kg4 47. Kxa6 f5 48. Kb7 f4 49. a6 f3 50. a7 f2
51. a8=Q f1=Q 52. Qa4+ Qf4 53. Qxb3 Kxh4 54. Qc2 Qf7+ 55. Qc7 Qb3+ 56. Kc8
h5 57. Qf4+ Kh3 58. Qf5+ Kg2 59. Qxh5 Qxb2
{Game drawn by mutual agreement} 1/2-1/2

[Event "FICS Team League T30"]
[Site "FICS, San Jose, California USA"]
[Date "2006.04.25"]
[Time "19:03:58"]
[Round "2"]
[White "Nemisis"]
[Black "MGoo"]
[WhiteElo "1960"]
[BlackElo "1740"]
[TimeControl "2700+45"]
[Mode "ICS"]
[Result "1-0"]

1. e4 e6 2. d4 d5 3. Nd2 dxe4 4. Nxe4 Be7 5. Nf3 Nf6 6. Bd3 Nxe4 7. Bxe4
Nd7 8. c4 c5 9. Be3 O-O 10. O-O Nf6 11. Bc2 cxd4 12. Bxd4 Qc7 13. Qe2 b6
14. Rad1 Bb7 15. Rfe1 Rac8 16. b3 Rfd8 17. Ng5 h6 18. Nxf7 Kxf7 19. Qxe6+
Kf8 20. Bg6 Bc5 21. Bxf6 Bxf2+ 22. Kxf2 Qf4+ 23. Kg1 Qxf6 24. Rxd8+ Rxd8
25. Qe8+ Rxe8 26. Rxe8#
{Black checkmated} 1-0

[Event "FICS Team League T30"]
[Site "FICS, San Jose, California USA"]
[Date "2006.04.24"]
[Time "14:09:01"]
[Round "2"]
[White "EyeAm"]
[Black "chesstalker"]
[WhiteElo "1424"]
[BlackElo "1429"]
[TimeControl "2700+45"]
[Mode "ICS"]
[Result "1-0"]

1. e4 e5 2. Nf3 d6 3. Nc3 Nf6 4. Bc4 Nxe4 5. Nxe4 d5 6. Bxd5 Qxd5 7. Nc3
Qe6 8. O-O Bd6 9. Re1 O-O 10. d4 Nd7 11. Nb5 b6 12. dxe5 Nxe5 13. Nxe5 Rd8
14. Qf3 Bxe5 15. Bf4 Rd5 16. Nxc7 Qd6 17. Nxd5 Bb7 18. Bxe5 Qxd5 19. Qxd5
Bxd5 20. b3 Rc8 21. c4 Be6 22. a4 Rc5 23. Bb8 Rg5 24. Bxa7 Bh3 25. Re8#
{Black checkmated} 1-0

[Event "FICS Team League T30"]
[Site "FICS, San Jose, California USA"]
[Date "2006.04.25"]
[Time "07:02:57"]
[Round "2"]
[White "Benkology"]
[Black "Wizeman"]
[WhiteElo "2128"]
[BlackElo "2232"]
[TimeControl "2700+45"]
[Mode "ICS"]
[Result "1/2-1/2"]

1. d4 e5 2. dxe5 Nc6 3. Nf3 Qe7 4. Qd5 f6 5. exf6 Nxf6 6. Qb3 d5 7. Bf4
Qf7 8. e3 Nh5 9. Bg3 Nxg3 10. hxg3 Bd7 11. a3 O-O-O 12. Nc3 h6 13. Qxd5
Be6 14. Qe4 Bc5 15. Bd3 Rhe8 16. Qg6 Qf8 17. O-O-O Kb8 18. Bb5 Bf5 19. Qh5
Bxa3 20. Qh4 Rxd1+ 21. Rxd1 Re6 22. Rd5 Ne7 23. Rxf5 Nxf5 24. Qc4 Bxb2+
25. Kxb2 Qf6 26. Ba4 b5 27. Bxb5 Nd6 28. Qd4 Nxb5 29. Nxb5 Rb6 30. c4 a6
31. Ne5 Qxf2+ 32. Kb3 axb5 33. Nd7+ Kc8 34. Nxb6+ cxb6 35. cxb5 Qxg3 36. Qxb6
Qxg2 37. Qd4 Qb7 38. Qc5+ Qc7 39. Qd5 Qd7 40. Kc4 Qxd5+ 41. Kxd5 h5 42. Ke5
h4 43. Kf4 g5+ 44. Kg4 Kb7 45. e4 Kb6 46. e5 Kxb5 47. e6 Kc6 48. Kxg5 h3
49. Kf6 h2 50. e7 h1=Q 51. e8=Q+
{Game drawn by mutual agreement} 1/2-1/2

[Event "FICS Team League T30"]
[Site "FICS, San Jose, California USA"]
[Date "2006.04.25"]
[Time "10:26:08"]
[Round "2"]
[White "LLIAMAH"]
[Black "jestrada"]
[WhiteElo "1745"]
[BlackElo "1777"]
[TimeControl "2700+45"]
[Mode "ICS"]
[Result "1-0"]

1. f4 e5 2. d3 exf4 3. Bxf4 Qf6 4. Bc1 Bc5 5. Nf3 Nh6 6. Nc3 Ng4 7. Ne4
Qb6 8. Nxc5 Qxc5 9. d4 Qe7 10. Qd3 d5 11. Bd2 Nc6 12. Bg5 Qb4+ 13. Qc3 Bf5
14. h3 Qxc3+ 15. bxc3 Nf6 16. Bxf6 gxf6 17. Rc1 O-O-O 18. Nd2 Rhe8 19. g4
Bg6 20. Rh2 Re3 21. Rf2 Rxc3 22. Rxf6 Nxd4 23. Kf2 Re8 24. h4 h5 25. g5
Ree3 26. Nf3 Nf5 27. Bh3 Kd7 28. Bxf5+ Bxf5 29. Rxf5 Ke6 30. Rf6+ Ke7 31. Rh6
Kf8 32. Rxh5 Kg7 33. Rh6 Ra3 34. c4 dxc4 35. Rxc4 c6 36. Rf4 Re7 37. Nd4
Kg8 38. Nf5 Rd7 39. Rf6 Rxa2 40. Nh6+ Kg7 41. Nxf7 Re7 42. h5 Rexe2+ 43. Kf1
Rh2 44. h6+ Kf8 45. Ne5+ Ke7 46. Rf2 Ra1+ 47. Ke2 Ra2+ 48. Ke3 Rh3+ 49. R2f3
Ra3+ 50. Nd3 Rxf3+ 51. Rxf3 Ra5 52. h7
{Black resigns} 1-0

[Event "FICS Team League T30"]
[Site "FICS, San Jose, California USA"]
[Date "2006.04.25"]
[Time "09:52:37"]
[Round "2"]
[White "YouFish"]
[Black "Enz"]
[WhiteElo "1722"]
[BlackElo "1822"]
[TimeControl "2700+45"]
[Mode "ICS"]
[Result "1-0"]

1. c4 c5 2. Nf3 Nf6 3. Nc3 d5 4. cxd5 Nxd5 5. d4 cxd4 6. Qxd4 e6 7. e4 Nc6
8. Bb5 Nxc3 9. Qxc3 Bd7 10. O-O a6 11. Be2 Qa5 12. Qxa5 Nxa5 13. Bf4 Be7
14. Rfd1 b5 15. Ne5 Bc8 16. Rac1 f6 17. Bd2 Bd8 18. b4 Nb7 19. Nc6 O-O 20. Be3
e5 21. a3 Be6 22. h3 Bb3 23. Rd2 Rf7 24. Rb1 Be6 25. Rc1 Rd7 26. Rxd7 Bxd7
27. Nxd8 Rxd8 28. Rc7 Nd6 29. f3 Ne8 30. Ra7 Bc8 31. Bc5 Nd6 32. a4 bxa4
33. Bxa6 Be6 34. b5 Nc8 35. Ra8 a3 36. Bxa3 Kf7 37. Kh2 Ke8 38. Bc5 Ne7
39. Rxd8+ Kxd8 40. b6 Nc6 41. Bd6 Kd7 42. Bf8 g6 43. Bb5
{Black resigns} 1-0

[Event "FICS Team League T30"]
[Site "FICS, San Jose, California USA"]
[Date "2006.04.25"]
[Time "11:04:49"]
[Round "2"]
[White "sixkiller"]
[Black "seberg"]
[WhiteElo "1660"]
[BlackElo "1776"]
[TimeControl "2700+45"]
[Mode "ICS"]
[Result "1-0"]

1. e4 e5 2. Nf3 Nc6 3. Bb5 a6 4. Bxc6 dxc6 5. O-O Bd6 6. d4 Bg4 7. dxe5
Bxf3 8. Qxf3 Bxe5 9. Nd2 Qd6 10. h3 b5 11. Nb3 O-O-O 12. c3 Ne7 13. Qxf7
Ng6 14. Qf3 Rhf8 15. Qe2 Bf4 16. Be3 Bxe3 17. Qxe3 Ne5 18. Qa7 Qg6 19. Nc5
{Black resigns} 1-0

[Event "FICS Team League T30"]
[Site "FICS, San Jose, California USA"]
[Date "2006.04.25"]
[Time "13:54:07"]
[Round "2"]
[White "TryAnything"]
[Black "twinders"]
[WhiteElo "1665"]
[BlackElo "1722"]
[TimeControl "2700+45"]
[Mode "ICS"]
[Result "1/2-1/2"]

1. d4 d5 2. c4 c6 3. Nc3 Nf6 4. Nf3 Bf5 5. e3 Nbd7 6. cxd5 cxd5 7. Bb5 a6
8. Ba4 b5 9. Bc2 Bxc2 10. Qxc2 Rc8 11. Qd3 e6 12. O-O Be7 13. Bd2 O-O 14. Rfc1
Nb6 15. b3 Nbd7 16. a4 b4 17. Ne2 a5 18. Ng3 Bd6 19. Rxc8 Qxc8 20. Rc1 Qb8
21. Nf1 Ne4 22. g3 Rc8 23. Kg2 Rxc1 24. Bxc1 Qc7 25. Bd2 Ndf6 26. h3 h6
27. N3h2 Nxd2 28. Qxd2 Qc3 29. Qd1 Ne4 30. Nf3 Be7 31. N3d2 Nxd2 32. Nxd2
Bg5 33. Qe2 Qb2 34. f4 Bd8 35. Qd3 Qc3 36. Qe2
{Game drawn by mutual agreement} 1/2-1/2

[Event "FICS Team League T30"]
[Site "FICS, San Jose, California USA"]
[Date "2006.04.25"]
[Time "15:22:31"]
[Round "2"]
[White "GBate"]
[Black "Vinoblanca"]
[WhiteElo "1596"]
[BlackElo "1490"]
[TimeControl "2700+45"]
[Mode "ICS"]
[Result "1-0"]

1. e4 e5 2. Nf3 Nc6 3. Bb5 d6 4. Bxc6+ bxc6 5. d4 Ba6 6. dxe5 dxe5 7. Qxd8+
Rxd8 8. Nxe5 Rd6 9. Nc3 Nf6 10. f3 Be7 11. Bd2 O-O 12. O-O-O Rfd8 13. Bg5
Bb5 14. Nxb5 cxb5 15. Rxd6 Rxd6 16. Rd1 Rxd1+ 17. Kxd1 Kf8 18. Nc6 Bd6 19. Bxf6
gxf6 20. Nxa7 Bxh2 21. Nxb5
{Black resigns} 1-0

[Event "FICS Team League T30"] 
[Site "FICS, San Jose, California USA"] 
[Date "2006.04.26"] 
[Time "17:52:03"] 
[Round "2"] 
[White "IChattopadhyaya"] 
[Black "ccucina"] 
[WhiteElo "1587"] 
[BlackElo "1663"] 
[TimeControl "2700+45"] 
[Mode "ICS"] 
[Result "0-1"] 

1. d4 d5 2. c4 c5 3. dxc5 e6 4. cxd5 exd5 5. b4 Nf6 6. e3 Nc6 7. a3 a5 8. b5 
Na7 9. Qc2 Ne4 10. Bd3 Bf5 11. f3 Qh4+ 12. Kf1 Ng3+ 13. hxg3 Bxd3+ 14. Qxd3 
Qxh1 15. Qxd5 Rd8 16. Qe5+ Be7 17. Qxg7 Rf8 18. Bd2 Bxc5 19. a4 b6 20. Qe5+ 
Be7 21. Ra2 Qh6 22. Nc3 Qd6 23. Qxd6 Bxd6 24. Ne4 Be7 25. Bc3 f6 
{White resigns} 0-1